 Dungeon Crawl Stone Soup version 0.27.1-34-g3ba077fa99 (webtiles) character file.

Game seed: 13892224950104553759

88 MisterFreud the Sneak (level 4, 0/31 HPs)
             Began as a Felid Berserker on Jan 24, 2022.
             Was a Believer of Trog.
             Slain by an orc (8 damage)
             ... on level 4 of the Dungeon on Jan 25, 2022.
             The game lasted 00:02:41 (3268 turns).

MisterFreud the Sneak (Felid Berserker)             Turns: 3268, Time: 00:02:42

Health: 0/31       AC:  1    Str: 13    XL:     4   Next: 29%
Magic:  5/5        EV: 18    Int:  8    God:    Trog [**....]
Gold:   41         SH:  0    Dex: 16    Spells: 3/3 levels left
                                        Lives:  0   Deaths: 1

rFire    . . .     SeeInvis +     - Unarmed
rCold    . . .     Faith    .   (shield unavailable)
rNeg     . . .     Spirit   .   (armour unavailable)
rPois    .         Reflect  .   (helmet unavailable)
rElec    .         Harm     .   (cloak unavailable)
rCorr    .         Rampage  .   (gloves unavailable)
Will     .....                  (boots unavailable)
Stlth    ..........             (no amulet)
HPRegen  0.10/turn              (no ring)
MPRegen  0.09/turn              (no ring)

@: berserking, very quick
A: very small, claws 1, fangs 3, see invisible, speed 1, shaggy fur 1, stealthy
paws, no weapons or thrown items, no armour, multi-lived
a: Renounce Religion, Berserk, Trog's Hand


You were on level 4 of the Dungeon.
You worshipped Trog.
Trog was pleased with you.
You visited 1 branch of the dungeon, and saw 4 of its levels.

You collected 41 gold pieces.

Inventory:

Scrolls
 a - 2 scrolls of fog {unknown}
 b - a scroll of enchant armour {unknown}
 c - 2 scrolls of noise {unknown}
 d - a scroll of immolation {unknown}
 e - 2 scrolls of teleportation {unknown}
 g - a scroll of amnesia {unknown}
 h - a scroll of identify {unknown}
 i - a scroll of vulnerability {unknown}
Potions
 f - 3 potions of degeneration {unknown}


   Skills:
 - Level 3.0 Fighting
 - Level 4.0 Dodging
 + Level 4.7 Stealth
 + Level 4.5 Unarmed Combat


You had 3 spell levels left.
You didn't know any spells.
Your spell library was empty.

Dungeon Overview and Level Annotations

Branches:
Dungeon (4/15)
 Temple: D:4-7

Altars:


Innate Abilities, Weirdness & Mutations

You have sharp claws.
You have razor-sharp teeth.
You have supernaturally acute eyesight. (SInv)
You cover ground quickly. (Speed+)
You are covered in fur. (AC +1)
Your paws help you pounce on unaware monsters.
You are incapable of wielding weapons or throwing items.
You cannot wear armour.
You gain extra lives every three experience levels.


Message History

No target in view!
You open the door.
There is an open door here.
Found a stone staircase leading down.
No target in view!
There is a stone staircase leading down here.
Done exploring.
No target in view!
Done exploring.
No target in view!
Done exploring.
No target in view!
Done exploring.
There is a stone staircase leading down here.
You climb downwards.
You hear the sound of rushing water.
There is an entrance to a sewer on this level.
Hurry and find it before the portal rusts away!
The orc priest shouts!
The orc shouts!
The jelly quivers.
Found a sedimented dark potion.
There is a stone staircase leading up here.
There are monsters nearby!
A red film seems to cover your vision as you go berserk!
You feel yourself moving faster!
You feel mighty!
The orc priest miscasts a cantrip.
The orc priest hits you with a +0 antimagic dagger.
The jelly misses you.
You closely miss the orc priest. You closely miss the orc priest.
The orc priest closely misses you. The orc priest barely misses you.
The jelly hits you.
You are splashed with acid.
The orc misses you.
You claw the orc priest! You bite the orc priest.
You kill the orc priest!
Trog accepts your kill.
Welcome back to level 4!
You barely miss the orc priest. The orc priest completely misses you.
The jelly hits you.
You are splashed with acid!
* * * LOW HITPOINT WARNING * * *
The orc hits you with a +0 mace!
You die...

######
#....#
#..J.#
#.@..#
#oo).#
#...!#
#.....#
#.......
#....###.
...... .
.....##


You could see a jelly, an orc priest and an orc.

Vanquished Creatures
  An orc priest (D:4)
  Robin (D:3)
  An adder (D:3)
  2 worms (D:3)
  5 dart slugs
  A bat (D:3)
  6 endoplasms
  2 giant cockroaches
  16 goblins
  8 hobgoblins
  4 jackals (D:2)
  4 quokkas
  6 ball pythons
  A frilled lizard (D:1)
  5 kobolds
  6 rats
69 creatures vanquished.

Notes
Turn   | Place    | Note
-------+----------+-------------------------------------------
     0 | D:1      | MisterFreud the Felid Berserker began the quest for the
                  | Orb.
     0 | D:1      | Reached XP level 1. HP: 10/10 MP: 2/2
    42 | D:1      | Reached skill level 1 in Stealth
    74 | D:1      | Reached XP level 2. HP: 8/14 MP: 3/3
  1440 | D:2      | Reached XP level 3. HP: 17/17 MP: 4/4
  1507 | D:2      | Reached ** piety under Trog
  1692 | D:2      | Found a faded altar of an unknown god.
  1870 | D:3      | Identified the +1 helmet of Soruil {rF+ Str+3 Int+3}
  1870 | D:3      | Noticed Robin
  2071 | D:3      | Reached XP level 4. HP: 9/21 MP: 5/5
  2813 | D:3      | HP: 1/21 [Robin (6)]
  2816 | D:3      | Slain by Robin
  2817 | D:3      | Reached XP level 3. HP: -3/17 MP: 4/4
  2842 | D:3      | Killed Robin
  3268 | D:4      | Reached XP level 4. HP: 18/21 MP: 5/5
  3268 | D:4      | Slain by an orc

Illustrated notes

Levels and vault maps discovered:
D:1:      dpeg_arrival_long_road, layout_loops_ring, minmay_tripent
D:2:      layout_rooms, hellmonk_ecumenical_altar_arch_garden
D:3:      layout_basic, uniq_robin
D:4:      layout_rooms, xom_butterflies, portal_sewer_entry_d,
          uniq_blork_the_orc, uniq_duvessa, uniq_menkaure

Skill      XL: |  1  2  3  4 |
---------------+-------------+-----
Stealth        | 1 2 3 4 |  4.7
Unarmed Combat | 4 |  4.5
Fighting       | |  3.0
Dodging        | |  4.0

Action                   |  1- 3 |  4- 6 || total
-------------------------+-------+-------++-------
Melee: Unarmed           |   111 |    62 ||   173
       Bite              |     8 |     5 ||    13
       Punch             |     1 |     1 ||     2
Invok: Berserk           |     5 |     2 ||     7
 Stab: Sleeping          |     8 |       ||     8
Armor: Skin              |     5 |     4 ||     9
Dodge: Dodged            |    86 |    49 ||   135
